AoeStats
← Galpersolodilov

Arena

508457164Analyzed
4v4 RM · 8d ago on Sep 22, 2026· 43m 31s· 8 players
Game mode
Random Map
Map size
Large (8 player)
Population
200
Speed
Normal
Resources
Standard
Victory
Conquest
Starting age
Dark Age
Ending age
Imperial Age
RankedLock teamsTeams togetherTeam positionsShared explorationLock speedFull tech treeHidden civsTurbo modeCheats
Victory
Defeat
🇯🇵 Turks · Japan
1227
+14
🇨🇳 Gurjaras · China
1206
+15
🇻🇳 Slavs · Vietnam
1205
+15
🇹🇼 Huns · Taiwan
1167
+16
🇵🇪 Italians · Peru
1240
-18
🇵🇪 Persians · Peru
1213
-17
🇲🇽 Huns · Mexico
1124
-13
🇷🇺 Sicilians · Russia
1115
-12
Speechless
12:19 Feudal Age
13:45 Loom
16:25 Castle Age
14:26 Double-Bit Axe
15:23 Scale Barding Armor
15:27 Horse Collar
16:57 Wheelbarrow
17:36 Bow Saw
18:25 Heavy Plow
20:07 Gold Mining
21:26 Stone Mining
24:50 Gold Shaft Mining
29:58 Imperial Age
28:23 Hand Cart
28:16 Scale Barding Armor
29:20 Chain Barding Armor
29:11 Forging
29:07 Marauders
30:17 Bloodlines
30:12 Husbandry
30:50 Iron Casting
30:18 Elite Tarkan
31:38 Ballistics
32:18 Chemistry
32:27 Plate Barding Armor
32:53 Blast Furnace
33:36 Conscription
34:24 Fletching
34:35 Padded Archer Armor
35:00 Heavy Cavalry Archer
36:07 Parthian Tactics
35:49 Thumb Ring
36:01 Leather Archer Armor
35:42 Bodkin Arrow
36:30 Light Cavalry
37:18 Bracer
42:36 Elite Skirmisher
44:56 Two-Man Saw
RomaSaga
12:08 Feudal Age
12:18 Feudal Age
16:36 Castle Age
14:23 Double-Bit Axe
14:20 Horse Collar
15:58 Loom
17:34 Bow Saw
17:25 Heavy Plow
22:06 Town Watch
22:57 Gold Mining
22:58 Stone Mining
25:42 Gold Shaft Mining
26:28 Wheelbarrow
30:24 Imperial Age
28:22 Scale Barding Armor
29:06 Bloodlines
28:57 Husbandry
29:08 Forging
30:47 Chain Barding Armor
31:03 Iron Casting
30:50 Hand Cart
30:29 Cavalier
33:16 Plate Barding Armor
34:01 Blast Furnace
33:31 Padded Archer Armor
33:29 Fletching
34:01 Ballistics
33:21 Treadmill Crane
35:07 Bombard Tower
35:50 Conscription
35:55 Elite Janissary
40:08 Artillery
41:57 Leather Archer Armor
41:38 Bodkin Arrow
La Apple
10:11 Feudal Age
14:40 Castle Age
13:28 Double-Bit Axe
13:24 Horse Collar
16:09 Bow Saw
16:40 Heavy Plow
19:33 Stone Mining
22:53 Gold Mining
24:12 Wheelbarrow
25:04 Gold Shaft Mining
26:39 Scale Barding Armor
26:44 Forging
27:16 Detinets
29:47 Imperial Age
28:04 Chain Barding Armor
28:19 Hand Cart
27:50 Loom
27:50 Town Watch
29:24 Iron Casting
31:31 Two-Man Saw
31:02 Crop Rotation
30:03 Elite Boyar
31:21 Conscription
31:10 Husbandry
31:21 Bloodlines
32:14 Blast Furnace
32:42 Plate Barding Armor
34:09 Chemistry
33:30 Scale Mail Armor
34:28 Druzhina
33:50 Pikeman
34:31 Squires
34:48 Chain Mail Armor
34:35 Fletching
35:25 Ballistics
35:42 Capped Ram
37:33 Halberdier
41:39 Plate Mail Armor
LLK是给
8:09 Feudal Age
6:47 Loom
8:44 Double-Bit Axe
13:37 Fletching
14:04 Town Watch
16:11 Horse Collar
21:16 Castle Age
19:38 Gold Mining
19:39 Stone Mining
19:46 Stone Mining
22:43 Wheelbarrow
22:22 Bow Saw
22:38 Heavy Plow
28:24 Hand Cart
30:14 Bodkin Arrow
33:47 Imperial Age
33:29 Padded Archer Armor
33:44 Bloodlines
33:41 Scale Barding Armor
33:47 Forging
35:03 Gold Shaft Mining
35:26 Husbandry
35:28 Light Cavalry
37:12 Iron Casting
37:15 Chain Barding Armor
37:55 Conscription
37:43 Kshatriyas
38:24 Bracer
38:45 Scale Mail Armor
38:38 Arson
39:10 Elite Shrivamsha Rider
41:11 Stone Shaft Mining
41:00 Chain Mail Armor
41:21 Plate Barding Armor
41:21 Elite Chakram Thrower
44:13 Plate Barding Armor
Hastek
11:03 Feudal Age
15:08 Castle Age
12:54 Loom
13:41 Double-Bit Axe
15:38 Wheelbarrow
16:13 Bow Saw
19:08 Horse Collar
22:04 Stone Mining
22:18 Heavy Plow
24:33 Fletching
25:32 Ballistics
25:18 Bodkin Arrow
25:24 Padded Archer Armor
25:49 Husbandry
26:00 Bloodlines
31:14 Imperial Age
28:53 Gold Mining
29:11 Thumb Ring
29:02 Town Watch
30:12 Hand Cart
30:18 Leather Archer Armor
29:46 Pikeman
30:26 Squires
32:46 Conscription
31:48 Heavy Cavalry Archer
32:33 Bracer
32:53 Halberdier
36:20 Forging
36:10 Scale Mail Armor
36:43 Parthian Tactics
37:27 Chemistry
38:29 Iron Casting
38:09 Chain Mail Armor
37:17 Light Cavalry
37:40 Cavalier
38:57 Paladin
Peru_Rush
12:20 Feudal Age
16:24 Castle Age
14:47 Double-Bit Axe
16:10 Gold Mining
16:14 Stone Mining
16:29 Horse Collar
24:21 Bow Saw
24:06 Fletching
24:15 Loom
25:51 Heavy Plow
27:41 Wheelbarrow
28:14 Town Watch
28:48 Hand Cart
33:31 Imperial Age
32:07 Ballistics
31:45 Bodkin Arrow
31:51 Padded Archer Armor
31:43 Treadmill Crane
32:13 Fortified Wall
31:59 Murder Holes
33:32 Elite Genoese Crossbowman
34:35 Conscription
34:17 Bracer
34:33 Leather Archer Armor
35:43 Chemistry
37:04 Two-Man Saw
36:36 Crop Rotation
36:44 Stone Shaft Mining
38:36 Ring Archer Armor
Galpersolodilov
9:26 Loom
11:52 Feudal Age
12:52 Horse Collar
12:59 Double-Bit Axe
16:24 Town Watch
17:16 Wheelbarrow
20:02 Castle Age
21:44 Bow Saw
21:56 Heavy Plow
24:07 Fervor
25:01 Fletching
25:48 Gold Mining
25:54 Town Watch
26:32 Hand Cart
27:37 Arson
27:52 Squires
27:37 Gambesons
28:39 Ballistics
28:16 Murder Holes
28:32 Masonry
28:27 Bodkin Arrow
30:14 Scale Barding Armor
30:20 Forging
32:46 Imperial Age
30:58 Husbandry
31:10 Bloodlines
31:43 Man-at-Arms
31:43 Pikeman
32:26 Padded Archer Armor
33:02 Iron Casting
32:30 Scale Mail Armor
33:13 Gold Shaft Mining
32:29 Stone Mining
34:00 Conscription
33:36 Halberdier
34:24 Town Patrol
34:42 Chain Mail Armor
35:02 Siege Engineers
34:22 Capped Ram
35:54 Plate Mail Armor
36:06 Hoardings
35:05 Sappers
35:47 Long Swordsman
39:30 Blast Furnace
Peru_o_O
10:05 Feudal Age
9:14 Loom
10:43 Double-Bit Axe
13:54 Fletching
20:25 Castle Age
19:00 Horse Collar
21:42 Wheelbarrow
22:15 Bow Saw
31:01 Scale Barding Armor
32:11 Chain Barding Armor
32:27 Forging
34:08 Hand Cart
37:26 Imperial Age
35:35 Bloodlines
35:25 Husbandry
36:30 Gold Mining
37:56 Gold Shaft Mining
37:30 Cavalier
38:46 Plate Barding Armor
Connection lost

Rejoining the realm…

Still unreachable

The connection could not be restored.

Session expired

The server has moved on; the page needs a fresh start.